 Dungeon Crawl Stone Soup version 0.27.1-33-g824d729ab1 (webtiles) character file.

Game seed: 6904420478467827575

72 Anathary the Slasher (level 4, -4/29 HPs)
             Began as a Gargoyle Berserker on Nov 28, 2021.
             Was a Believer of Trog.
             Slain by an iguana (11 damage)
             ... on level 3 of the Dungeon.
             The game lasted 00:05:18 (3097 turns).

Anathary the Slasher (Gargoyle Berserker)           Turns: 3097, Time: 00:05:18

Health: -4/29      AC: 12    Str: 21    XL:     4   Next: 26%
Magic:  4/4        EV:  8    Int:  8    God:    Trog [**....]
Gold:   51         SH:  0    Dex:  9    Spells: 3/3 levels left

rFire    . . .     SeeInvis .   n - +0 morningstar (venom)
rCold    . . .     Faith    .   (no shield)
rNeg     + . .     Spirit   .   d - +0 chain mail
rPois    ∞         Reflect  .   (no helmet)
rElec    +         Harm     .   (no cloak)
rCorr    .         Rampage  .   (no gloves)
Will     .....                  (no boots)
Stlth    ..........             (no amulet)
HPRegen  0.09/turn              (no ring)
MPRegen  0.09/turn              (no ring)

@: no status effects
A: sickness immunity, AC +3, negative energy resistance 1, electricity
resistance, torment resistance 1, petrification resistance
a: Renounce Religion, Berserk, Trog's Hand


You were on level 3 of the Dungeon.
You worshipped Trog.
Trog was pleased with you.
You visited 1 branch of the dungeon, and saw 3 of its levels.

You collected 51 gold pieces.

Inventory:

Hand Weapons
 n - a +0 morningstar of venom (weapon)
Armour
 d - a +0 chain mail (worn)
Scrolls
 b - a scroll of fear {unknown}
 f - 2 scrolls of identify {unknown}
 g - a scroll of magic mapping {unknown}
 j - a scroll of acquirement {unknown}
Potions
 c - a potion of ambrosia {unknown}
 e - a potion of degeneration {unknown}
 h - 2 potions of magic {unknown}
 i - 2 potions of heal wounds {unknown}
 k - 2 potions of resistance {unknown}
 l - a potion of attraction {unknown}
 m - a potion of curing {unknown}


   Skills:
 + Level 3.8 Fighting
 - Level 3.9 Long Blades
 + Level 2.4 Armour
 + Level 1.8 Dodging


You had 3 spell levels left.
You didn't know any spells.
Your spell library was empty.

Dungeon Overview and Level Annotations

Branches:
Dungeon (3/15)

Altars:

Shops:
D:2 *


Innate Abilities, Weirdness & Mutations

You are immune to sickness and miasma.
Your stone body is resilient. (AC +3)
You are immune to poison.
You resist negative energy. (rN+)
You are resistant to electric shocks. (rElec)
You are resistant to unholy torment.
You are immune to petrification.


Message History

There is a stone staircase leading up here.
You see here a book of Misfortune.
You see here 20 arrows.
A bat comes into view.
The bat barely misses you.
You closely miss the bat. The bat barely misses you. x2
The bat misses you. The bat hits you but does no damage.
You closely miss the bat. The bat hits you but does no damage. x2
You sock the bat!
You kill the bat!
Trog accepts your kill.
Found 26 arrows.
You see here 26 arrows.
You open the door.
There is an open door here.
Found 16 gold pieces.
You now have 51 gold pieces (gained 16).
Found a stone staircase leading down.
There is a stone staircase leading down here.
Done exploring.
There is a stone staircase leading down here.
You climb downwards.
The iguana hisses angrily.
Found a scroll labelled VEWNIFONLI.
Found two stone staircases leading down.
There is a stone staircase leading up here.
The iguana bites you but does no damage.
There is a stone staircase leading up here.
You closely miss the iguana.
The iguana bites you but does no damage.
The iguana bites you.
You hit the iguana.
The iguana is lightly wounded.
The iguana bites you!
You closely miss the iguana.
The iguana is lightly wounded.
The iguana bites you!
* * * LOW HITPOINT WARNING * * *
The iguana bites you!
You die...

#### .#
...##.#
......#
###>....#
..>....#
......#
.######.....#
.......@#
.....##l##
#........#
#........#
#........#
#........#
#......?.#
##########


You could see an iguana.

Vanquished Creatures
  3 adders (D:2)
  A worm (D:2)
  An orc (D:2)
  3 bats
  4 endoplasms
  4 giant cockroaches
  3 goblins
  3 hobgoblins (D:1)
  4 jackals (D:1)
  2 quokkas
  3 ball pythons
  A frilled lizard (D:1)
  2 kobolds (D:1)
  5 rats
39 creatures vanquished.

Vanquished Creatures (others)
  3 plants (D:1)
3 creatures vanquished.

Grand Total: 42 creatures vanquished

Notes
Turn   | Place    | Note
-------+----------+-------------------------------------------
     0 | D:1      | Anathary the Gargoyle Berserker began the quest for the
                  | Orb.
     0 | D:1      | Reached XP level 1. HP: 14/14 MP: 1/1
   397 | D:1      | Reached XP level 2. HP: 9/19 MP: 2/2
  1001 | D:1      | Reached XP level 3. HP: 21/24 MP: 3/3
  1307 | D:1      | Found a faded altar of an unknown god.
  1757 | D:2      | Found Poegekk's Assorted Antiques.
  1807 | D:2      | Reached ** piety under Trog
  2151 | D:2      | Reached XP level 4. HP: 22/29 MP: 4/4
  3097 | D:3      | Slain by an iguana

Illustrated notes

Levels and vault maps discovered:
D:1:      erik_arrival_triangle_medium, layout_basic,
          shapermc_ecumenical_altar_mp_ritualfount
D:2:      minmay_general_purpose_star, layout_basic, serial_rivers,
          chequers_serial_rivers_small_b, chequers_serial_rivers_marsh,
          chequers_serial_rivers_small_a, chequers_serial_rivers_micro_e,
          serial_shops, shop
D:3:      layout_basic, nicolae_overflow_crystal_walls, minmay_distorted

Skill      XL: |  1 |
---------------+----+-----
Long Blades    | 3 |  3.9
Fighting       | |  3.8
Armour         | |  2.4
Dodging        | |  1.8

Action                   |  1- 3 |  4- 6 || total
-------------------------+-------+-------++-------
Melee: Falchion          |   130 |    18 ||   148
       Morningstar       |       |    17 ||    17
Armor: Animal skin       |    20 |       ||    20
       Chain mail        |    64 |    21 ||    85
Dodge: Dodged            |    79 |    10 ||    89
       Rpst.: Falchion   |    17 |     1 ||    18
